RL
ELKTON GENERALS @ DELMONT MINERS
04/22/2060
 
TOP OF THE 1ST
Elkton Generals batting - Pitching for Delmont Miners : RHP Merrill Dryden
Pitching: RHP Merrill Dryden
Batting: LHB Corey Cooper 0-0: Ball
1-0: Called Strike
1-1: Ball
2-1: Fly out, F8 (Flyball, 78D, EV 93.1 MPH)
Batting: LHB Tate Patterson 0-0: Foul Ball, location: 2F
0-1: Ball
1-1: Ball
2-1: Reached on error, E4 (Groundball, 4, EV 83.1 MPH)
Batting: LHB Isiah Washington 0-0: SINGLE (Line Drive, 9S, EV 97.5 MPH)
Tate Patterson to third
Batting: LHB Devin Sneary 0-0: Ball
1-0: Called Strike
1-1: Foul Ball, location: 2F
1-2: Grounds into double play, 3-6-3 (Groundball, 3, EV 88.1 MPH)
Top of the 1st over - 0 runs, 1 hit, 1 error, 1 left on base; Elkton 0 - Delmont 0
BOTTOM OF THE 1ST
Delmont Miners batting - Pitching for Elkton Generals : RHP Ismael Lefebvre
Pitching: RHP Ismael Lefebvre
Batting: RHB Henry Lennox 0-0: Ball
1-0: Ball
2-0: Ball
3-0: Called Strike
3-1: Foul Ball, location: 2F
3-2: Ground out 4-3 (Groundball, 34, EV 81.9 MPH)
Batting: RHB Joseph Offermann 0-0: Foul Ball, location: 2F
0-1: Ball
1-1: Swinging Strike
1-2: Ground out U3 (Groundball, 34, EV 107.5 MPH)
Batting: LHB Griffin Camacho 0-0: Called Strike
0-1: Foul Ball, location: 2F
0-2: Ball
1-2: Strikes out swinging
Bottom of the 1st over - 0 runs, 0 hits, 0 errors, 0 left on base; Elkton 0 - Delmont 0
TOP OF THE 2ND
Elkton Generals batting - Pitching for Delmont Miners : RHP Merrill Dryden
Batting: RHB Gavin Pinsky 0-0: Ball
1-0: Foul Ball, location: 2F
1-1: Foul Ball, location: 2F
1-2: Ball
2-2: Ball
3-2: Foul Ball, location: 2F
3-2: SOLO HOME RUN (Flyball, 7D, EV 95.0 MPH), Distance : 341 ft
Batting: RHB Robbie Berecz 0-0: Called Strike
0-1: Ball
1-1: SINGLE (Line Drive, 9S, EV 96.9 MPH)
Batting: RHB Powell Quiroz 0-0: Ball
1-0: SINGLE (Line Drive, 78S, EV 101.2 MPH)
Robbie Berecz to second
Batting: RHB Coby Chenoweth 0-0: Ball
1-0: Ball
2-0: Ball
3-0: Called Strike
3-1: Foul Ball, location: 2F
3-2: Base on Balls
Robbie Berecz to third
Powell Quiroz to second
Batting: RHB Devin Boehler 0-0: Called Strike
0-1: Ball
1-1: Foul Ball, location: 2F
1-2: Ball
2-2: Strikes out swinging
Batting: LHB Corey Cooper 0-0: Foul Ball, location: 2F
0-1: Ball
1-1: Called Strike
1-2: Ball
2-2: Ball
3-2: Base on Balls
Robbie Berecz scores
Powell Quiroz to third
Coby Chenoweth to second
Batting: LHB Tate Patterson 0-0: SINGLE (Flyball, 8LS, EV 86.9 MPH)
Powell Quiroz scores
Coby Chenoweth to third
Corey Cooper to second
Batting: LHB Isiah Washington 0-0: Ball
1-0: Foul Ball, location: 2F
1-1: SINGLE (Line Drive, 6D, EV 105.6 MPH)
Coby Chenoweth scores
Corey Cooper to third
Tate Patterson to second
Batting: LHB Devin Sneary 0-0: Ball
1-0: Swinging Strike
1-1: Ball
2-1: Fielders Choice at 2nd, 6-4 (Groundball, 6M, EV 83.8 MPH)
Corey Cooper scores
Tate Patterson to third
Batting: RHB Gavin Pinsky 0-0: Called Strike
0-1: Called Strike
0-2: Ball
1-2: Ball
Wild Pitch!
Tate Patterson scores
Devin Sneary to second
2-2: Ball
3-2: Foul Ball, location: 2F
3-2: Base on Balls
Pitching: RHP Lambert Gibbs
Batting: RHB Robbie Berecz 0-0: Fly out, F8 (Line Drive, 89M, EV 96.2 MPH)
Top of the 2nd over - 6 runs, 5 hits, 0 errors, 2 left on base; Elkton 6 - Delmont 0
BOTTOM OF THE 2ND
Delmont Miners batting - Pitching for Elkton Generals : RHP Ismael Lefebvre
Batting: RHB Jeremy Goodson 0-0: Ground out 3-1 (Groundball, 34, EV 79.4 MPH)
Batting: SHB Marten Camacho 0-0: Called Strike
0-1: Ball
1-1: Swinging Strike
1-2: Foul Ball, location: 2F
1-2: Ball
2-2: Ball
3-2: Ground out 5-3 (Groundball, 5D, EV 106.9 MPH)
Batting: RHB Jeremy Henn 0-0: Ball
1-0: Ball
2-0: Ball
3-0: Called Strike
3-1: Base on Balls
Batting: RHB Brooks Hockensmith 0-0: Called Strike
Jeremy Henn is caught stealing 2nd base 2-4
Bottom of the 2nd over - 0 runs, 0 hits, 0 errors, 0 left on base; Elkton 6 - Delmont 0
TOP OF THE 3RD
Elkton Generals batting - Pitching for Delmont Miners : RHP Lambert Gibbs
Batting: RHB Powell Quiroz 0-0: Called Strike
0-1: Ball
1-1: Ball
2-1: Ground out 6-3 (Groundball, 6, EV 96.9 MPH)
Batting: RHB Coby Chenoweth 0-0: Ball
1-0: Foul Ball, location: 2F
1-1: Swinging Strike
1-2: Fly out, F8 (Flyball, 8RD, EV 102.5 MPH)
Batting: RHB Devin Boehler 0-0: Ball
1-0: Ball
2-0: Foul Ball, location: 2F
2-1: Foul Ball, location: 2F
2-2: Ball
3-2: Foul Ball, location: 2F
3-2: Foul Ball, location: 2F
3-2: Fly out, F6 (Popup, 6, EV 75.6 MPH)
Top of the 3rd over - 0 runs, 0 hits, 0 errors, 0 left on base; Elkton 6 - Delmont 0
BOTTOM OF THE 3RD
Delmont Miners batting - Pitching for Elkton Generals : RHP Ismael Lefebvre
Batting: RHB Brooks Hockensmith 0-0: Foul Ball, location: 2F
0-1: Foul Ball, location: 2F
0-2: Ball
1-2: Foul Ball, location: 2F
1-2: Foul Ball, location: 2F
1-2: SOLO HOME RUN (Line Drive, 78XD, EV 99.4 MPH), Distance : 401 ft
Batting: RHB Gaven Sandford 0-0: Ball
1-0: Foul Ball, location: 2F
1-1: Foul Ball, location: 2F
1-2: Ball
2-2: Fly out, F9 (Flyball, 9, EV 92.5 MPH)
Batting: RHB Dillan Kirkland 0-0: Foul Ball, location: 2F
0-1: Swinging Strike
0-2: Ball
1-2: Ball
2-2: Ball
3-2: Strikes out swinging
Batting: RHB Henry Lennox 0-0: Ball
1-0: SINGLE (Groundball, 5S, EV 69.4 MPH) (infield hit)
Batting: RHB Joseph Offermann 0-0: Called Strike
Henry Lennox steals 2nd base
0-1: Foul Ball, location: 2F
0-2: Ball
1-2: Ball
2-2: Ball
3-2: Base on Balls
Batting: LHB Griffin Camacho 0-0: Ball
1-0: Foul Ball, location: 2F
1-1: Foul Ball, location: 2F
1-2: Ball
2-2: Ball
3-2: Strikes out looking
Bottom of the 3rd over - 1 run, 2 hits, 0 errors, 2 left on base; Elkton 6 - Delmont 1
TOP OF THE 4TH
Elkton Generals batting - Pitching for Delmont Miners : RHP Lambert Gibbs
Batting: LHB Corey Cooper 0-0: Called Strike
0-1: Foul Ball, location: 2F
0-2: Fly out, F8 (Line Drive, 8RM, EV 85.0 MPH)
Batting: LHB Tate Patterson 0-0: Ball
1-0: Swinging Strike
1-1: Foul Ball, location: 2F
1-2: SINGLE (Groundball, 34, EV 107.5 MPH)
Batting: LHB Isiah Washington 0-0: Called Strike
0-1: Foul Ball, location: 2F
0-2: Foul Ball, location: 2F
0-2: Foul Ball, location: 2F
0-2: Ball
1-2: Ball
2-2: Strikes out swinging
Batting: LHB Devin Sneary 0-0: Ball
1-0: Ball
2-0: Foul Ball, location: 2F
2-1: Swinging Strike
2-2: Fly out, F7 (Flyball, 78XD, EV 93.8 MPH)
Top of the 4th over - 0 runs, 1 hit, 0 errors, 1 left on base; Elkton 6 - Delmont 1
BOTTOM OF THE 4TH
Delmont Miners batting - Pitching for Elkton Generals : RHP Ismael Lefebvre
Batting: RHB Jeremy Goodson 0-0: Swinging Strike
0-1: Called Strike
0-2: Foul Ball, location: 2F
0-2: Ball
1-2: SINGLE (Line Drive, 9LS, EV 95.6 MPH)
Batting: SHB Marten Camacho 0-0: Ball
1-0: Called Strike
1-1: Swinging Strike
1-2: Ball
2-2: Strikes out swinging
Batting: RHB Jeremy Henn 0-0: SINGLE (Line Drive, 7S, EV 88.1 MPH)
Jeremy Goodson to second
Batting: RHB Brooks Hockensmith 0-0: Ball
1-0: Ball
2-0: Called Strike
2-1: Ball
3-1: Grounds into double play, 4-6-3 (Groundball, 4, EV 81.9 MPH)
Bottom of the 4th over - 0 runs, 2 hits, 0 errors, 1 left on base; Elkton 6 - Delmont 1
TOP OF THE 5TH
Elkton Generals batting - Pitching for Delmont Miners : RHP Lambert Gibbs
Batting: RHB Gavin Pinsky 0-0: Ball
1-0: Ball
2-0: Ball
3-0: Called Strike
3-1: Base on Balls
Batting: RHB Robbie Berecz 0-0: Ball
1-0: Ball
2-0: Ball
3-0: Called Strike
3-1: SINGLE (Flyball, 89S, EV 91.9 MPH)
Gavin Pinsky to second
Runner from 2nd tries for 3rd, SAFE, throw by RF made to third
Batting: RHB Powell Quiroz 0-0: Ball
1-0: Ball
Wild Pitch!
Gavin Pinsky scores
Robbie Berecz to second
2-0: Called Strike
2-1: Called Strike
2-2: Strikes out swinging
Batting: RHB Coby Chenoweth 0-0: Foul Ball, location: 2F
0-1: DOUBLE (Line Drive, 89XD, EV 100.6 MPH)
Robbie Berecz scores
Batting: RHB Devin Boehler 0-0: Ball
1-0: Swinging Strike
1-1: Foul Ball, location: 2F
1-2: Ball
2-2: Strikes out swinging
Batting: LHB Corey Cooper 0-0: Fly out, F8 (Line Drive, 78M, EV 94.4 MPH)
Top of the 5th over - 2 runs, 2 hits, 0 errors, 1 left on base; Elkton 8 - Delmont 1
BOTTOM OF THE 5TH
Delmont Miners batting - Pitching for Elkton Generals : RHP Ismael Lefebvre
Pitching: RHP Kyle Morris
Batting: RHB Gaven Sandford 0-0: DOUBLE (Line Drive, 89D, EV 107.5 MPH)
Batting: RHB Dillan Kirkland 0-0: Called Strike
0-1: Swinging Strike
0-2: Strikes out looking
Batting: RHB Henry Lennox 0-0: Ball
1-0: Ball
2-0: Called Strike
2-1: SINGLE (Flyball, 8LS, EV 88.8 MPH)
Gaven Sandford to third
Batting: RHB Joseph Offermann 0-0: Called Strike
Henry Lennox is caught stealing 2nd base 2-4
0-1: Fly out, F8 (Flyball, 8RM, EV 83.8 MPH)
Bottom of the 5th over - 0 runs, 2 hits, 0 errors, 1 left on base; Elkton 8 - Delmont 1
TOP OF THE 6TH
Elkton Generals batting - Pitching for Delmont Miners : RHP Lambert Gibbs
Batting: LHB Tate Patterson 0-0: Called Strike
0-1: Ball
1-1: Foul Ball, location: 2F
1-2: Fly out, F8 (Flyball, 8RM, EV 85.6 MPH)
Batting: LHB Isiah Washington 0-0: Ball
1-0: Ball
2-0: Called Strike
2-1: Fly out, F6 (Popup, 6M, EV 55.0 MPH)
Batting: LHB Devin Sneary 0-0: Called Strike
0-1: Swinging Strike
0-2: Ball
1-2: Ball
2-2: DOUBLE (Flyball, 78D, EV 103.8 MPH)
Pitching: RHP Frey Rubright
Batting: RHB Gavin Pinsky 0-0: Foul Ball, location: 2F
0-1: Ball
1-1: Foul Ball, location: 2F
1-2: Ball
2-2: Ball
3-2: Base on Balls
Batting: RHB Robbie Berecz 0-0: Called Strike
0-1: Foul Ball, location: 2F
0-2: Foul Ball, location: 2F
0-2: Foul Ball, location: 2F
0-2: Ball
1-2: Ball
2-2: Strikes out swinging
Top of the 6th over - 0 runs, 1 hit, 0 errors, 2 left on base; Elkton 8 - Delmont 1
BOTTOM OF THE 6TH
Delmont Miners batting - Pitching for Elkton Generals : RHP Kyle Morris
Batting: LHB Griffin Camacho 0-0: Ball
1-0: SOLO HOME RUN (Flyball, 9D, EV 94.4 MPH), Distance : 351 ft
Batting: RHB Jeremy Goodson 0-0: Called Strike
0-1: Ball
1-1: Called Strike
1-2: Foul Ball, location: 2F
1-2: Ball
2-2: Ground out 1-3 (Groundball, 34S, EV 65.0 MPH)
Batting: SHB Marten Camacho 0-0: Ball
1-0: Swinging Strike
1-1: Foul Ball, location: 2F
1-2: Ball
2-2: Foul Ball, location: 2F
2-2: Ball
3-2: Foul Ball, location: 2F
3-2: Foul Ball, location: 2F
3-2: Foul Ball, location: 2F
3-2: Base on Balls
Batting: RHB Jeremy Henn 0-0: Ball
Marten Camacho is caught stealing 2nd base 2-4
1-0: Swinging Strike
1-1: Swinging Strike
1-2: Ground out 5-3 (Groundball, 56S, EV 88.8 MPH)
Bottom of the 6th over - 1 run, 1 hit, 0 errors, 0 left on base; Elkton 8 - Delmont 2
TOP OF THE 7TH
Elkton Generals batting - Pitching for Delmont Miners : RHP Frey Rubright
Batting: RHB Powell Quiroz 0-0: Ball
1-0: Ball
2-0: Called Strike
2-1: Foul Ball, location: 2F
2-2: Ball
3-2: Strikes out swinging
Batting: RHB Coby Chenoweth 0-0: Ball
1-0: Swinging Strike
1-1: Ball
2-1: Foul Ball, location: 2F
2-2: Strikes out swinging, 2-3 out at first.
Batting: RHB Devin Boehler 0-0: Ball
1-0: Fly out, F8 (Flyball, 78M, EV 91.9 MPH)
Top of the 7th over - 0 runs, 0 hits, 0 errors, 0 left on base; Elkton 8 - Delmont 2
BOTTOM OF THE 7TH
Delmont Miners batting - Pitching for Elkton Generals : RHP Kyle Morris
Batting: RHB Brooks Hockensmith 0-0: Ball
1-0: Foul Ball, location: 2F
1-1: Swinging Strike
1-2: Ball
2-2: Strikes out swinging
Batting: RHB Gaven Sandford 0-0: Ball
1-0: Swinging Strike
1-1: Ball
2-1: Ball
3-1: Foul Ball, location: 2F
3-2: Base on Balls
Pitching: LHP Vince Blansit
Batting: RHB Dillan Kirkland 0-0: Ball
1-0: Foul Ball, location: 2F
1-1: Called Strike
Gaven Sandford steals 2nd base
1-2: Ball
2-2: Strikes out swinging
Batting: RHB Henry Lennox 0-0: SINGLE (Line Drive, 9LS, EV 98.8 MPH)
Gaven Sandford to third
Runner from 3rd tries for Home, SAFE, throw by RF to home
Henry Lennox to second
Batting: RHB Joseph Offermann 0-0: Swinging Strike
0-1: Swinging Strike
0-2: Ball
1-2: Fly out, F8 (Flyball, 8RM, EV 90.6 MPH)
Bottom of the 7th over - 1 run, 1 hit, 0 errors, 1 left on base; Elkton 8 - Delmont 3
TOP OF THE 8TH
Elkton Generals batting - Pitching for Delmont Miners : RHP Frey Rubright
Pitching: RHP Alec Alisjahbana
Batting: LHB Corey Cooper 0-0: Foul Ball, location: 2F
0-1: Ball
1-1: Ball
2-1: Foul Ball, location: 2F
2-2: Ball
3-2: Ground out U3 (Groundball, 34, EV 103.8 MPH)
Batting: LHB Tate Patterson 0-0: Ball
1-0: Called Strike
1-1: Foul Ball, location: 2F
1-2: SINGLE (Line Drive, 78M, EV 88.1 MPH)
Batting: LHB Isiah Washington 0-0: Ball
1-0: Foul Ball, location: 2F
1-1: Ball
2-1: TRIPLE (Flyball, 8RXD, EV 103.8 MPH)
Tate Patterson scores
Batting: LHB Devin Sneary 0-0: Ground out 3-1 (Groundball, 13, EV 92.5 MPH)
Isiah Washington scores
Batting: RHB Gavin Pinsky 0-0: Foul Ball, location: 2F
0-1: Swinging Strike
0-2: Strikes out swinging
Top of the 8th over - 2 runs, 2 hits, 0 errors, 0 left on base; Elkton 10 - Delmont 3
BOTTOM OF THE 8TH
Delmont Miners batting - Pitching for Elkton Generals : LHP Vince Blansit
Pinch Hitting: RHB Jordy Millar 0-0: Foul Ball, location: 2F
0-1: Foul Ball, location: 2F
0-2: Strikes out looking
Batting: RHB Jeremy Goodson 0-0: Foul Ball, location: 2F
0-1: Swinging Strike
0-2: Ball
1-2: Strikes out looking
Pinch Hitting: SHB Orval Nichols 0-0: Called Strike
0-1: SINGLE (Line Drive, 56, EV 96.2 MPH)
Pinch Hitting: RHB Ari Garrett 0-0: Swinging Strike
0-1: Ball
1-1: Ground out 5-3 (Groundball, 5S, EV 90.0 MPH)
Bottom of the 8th over - 0 runs, 1 hit, 0 errors, 1 left on base; Elkton 10 - Delmont 3
TOP OF THE 9TH
Elkton Generals batting - Pitching for Delmont Miners : RHP Alec Alisjahbana
Now at 1B: Joseph Offermann
Now at 2B: Ari Garrett
Now at SS: Jordy Millar
Now in LF: Henry Lennox
Now in CF: Orval Nichols
Batting: RHB Robbie Berecz 0-0: Ball
1-0: SOLO HOME RUN (Line Drive, 7LD, EV 91.9 MPH), Distance : 332 ft
Batting: RHB Powell Quiroz 0-0: Ball
1-0: Ball
2-0: Ball
3-0: Base on Balls
Batting: RHB Coby Chenoweth 0-0: Called Strike
0-1: Ball
1-1: Ball
2-1: Ball
3-1: Base on Balls
Powell Quiroz to second
Batting: RHB Devin Boehler 0-0: Ball
1-0: Ball
2-0: Fly out, F9 (Line Drive, 89M, EV 97.5 MPH)
Batting: LHB Corey Cooper 0-0: Ball
1-0: Ball
2-0: Called Strike
2-1: Foul Ball, location: 2F
2-2: Reached on error, E1 (Groundball, 13, EV 68.8 MPH)
Powell Quiroz to third
Coby Chenoweth to second
Batting: LHB Tate Patterson 0-0: Called Strike
0-1: Swinging Strike
0-2: Ball
1-2: Ball
2-2: Foul Ball, location: 2F
2-2: Ball
Wild Pitch!
Powell Quiroz scores
Coby Chenoweth to third
Corey Cooper to second
3-2: Base on Balls
Batting: LHB Isiah Washington 0-0: Called Strike
0-1: Called Strike
0-2: Ball
1-2: Strikes out swinging
Pinch Hitting: RHB Dallin Newton 0-0: Ball
1-0: Ball
2-0: Called Strike
2-1: Foul Ball, location: 2F
2-2: Strikes out swinging
Top of the 9th over - 2 runs, 1 hit, 1 error, 3 left on base; Elkton 12 - Delmont 3
BOTTOM OF THE 9TH
Delmont Miners batting - Pitching for Elkton Generals : LHP Vince Blansit
Now at 1B: Marcel Reaves
Batting: RHB Brooks Hockensmith 0-0: Swinging Strike
0-1: Swinging Strike
0-2: Foul Ball, location: 2F
0-2: Ball
1-2: Ball
2-2: Foul Ball, location: 2F
2-2: Fly out, F7 (Flyball, 7D, EV 86.9 MPH)
Pinch Hitting: RHB Lucas Dinger 0-0: Ball
1-0: Ground out 6-3 (Groundball, 6, EV 111.9 MPH)
Batting: RHB Dillan Kirkland 0-0: Swinging Strike
0-1: Foul Ball, location: 2F
0-2: SOLO HOME RUN (Flyball, 78XD, EV 97.5 MPH), Distance : 376 ft
Pinch Hitting: RHB Stu Boit 0-0: Foul Ball, location: 2F
0-1: Ball
1-1: Ball
2-1: Foul Ball, location: 2F
2-2: Strikes out swinging
Bottom of the 9th over - 1 run, 1 hit, 0 errors, 0 left on base; Elkton 12 - Delmont 4
Monday, April 29th , 2024 - OOTP Baseball 23.10 Build 110